 Dungeon Crawl Stone Soup version bcrawl-1.41 (webtiles) character file.

Game seed: 15894287644499197205

341662 Yshiel the Magician (level 10, -5/75 HPs)
             Began as a Gnoll Ice Elementalist on Apr 12, 2024.
             Slain by a white ugly thing (10 damage)
             ... on level 8 of the Dungeon.
             The game lasted 01:05:44 (8134 turns).

Yshiel the Magician (Gnoll Ice Elementalist)        Turns: 8134, Time: 01:05:44

Health: -5/75      AC: 11    Str: 11    XL:     10   Next: 87%
Magic:  20/21      EV: 16    Int: 20    God:
Gold:   414        SH:  0    Dex: 16    Spells: 11/24 levels left

rFire    + . .     GDR:     32% o - +4 quarterstaff (chaos)
rCold    + + .     SeeInvis .   (shield currently unavailable)
rNeg     . . .     Gourm    .   g - +4 troll leather armour
rPois    .         Faith    .   f - +0 helmet
rElec    .         Spirit   .   s - scarf {rC+ rF+}
rCorr    .         Reflect  .   R - +0 pair of gloves
MR       .....                  (no boots)
Stlth    +++.......             G - amulet of the acrobat
HPRegen  0.62/turn              m - ring of wizardry
MPRegen  0.17/turn              q - ring of protection from cold

@: no status effects
A: distributed training, fangs 1, strong nose
a: no special abilities


You were on level 8 of the Dungeon.
You were very hungry.

You visited 2 branches of the dungeon, and saw 10 of its levels.

You collected 616 gold pieces.
You spent 202 gold pieces at shops.

Inventory:

Hand Weapons
 l - a +0 hunting sling
 o - a +4 quarterstaff of chaos (weapon)
 w - a +1 short sword of speed
 x - a -1 mace
 L - a +0 shortbow
 S - a +2 rapier of speed
 T - a +2 whip of venom
Missiles
 b - 1004 arrows
 d - 2034 stones (quivered)
 h - 564 bolts
 p - 250 poisoned tomahawks
Armour
 a - a +0 robe
 f - a +0 helmet (worn)
 g - a +4 troll leather armour (worn)
 j - a +1 cloak of poison resistance
 s - a scarf of resistance (worn)
 H - a +2 scale mail of cold resistance
 R - a +0 pair of gloves (worn)
 V - a +2 robe of fire resistance
Magical Staves
 y - an uncursed staff of power
Jewellery
 m - a ring of wizardry (left hand)
 q - a ring of protection from cold (right hand)
 F - the cursed ring of Utox {Str+4 Stlth--}
   (You found it on level 5 of the Dungeon)

   [ring of attention]

   It affects your strength (+4).
   It makes you much less stealthy.
   It has a curse placed upon it.
 G - an amulet of the acrobat (around neck)
 O - a +6 ring of dexterity
Wands
 c - a wand of iceblast (1)
 v - a wand of polymorph (25)
 C - a wand of paralysis (16)
 N - a wand of scattershot (6)
 Q - a wand of clouds (7)
Scrolls
 i - 6 scrolls of identify
 u - a scroll of enchant armour
 B - 3 scrolls of remove curse
 E - 5 scrolls of teleportation
 I - a scroll of immolation {unknown}
 J - a scroll of amnesia
 U - a scroll of summoning {unknown}
Potions
 k - 2 potions of agility
 n - 2 potions of mutation {unknown}
 r - 2 potions of ambrosia
 t - a potion of berserk rage {unknown}
 A - a potion of magic {unknown}
 D - a potion of brilliance
 K - a potion of resistance {unknown}
 M - a potion of degeneration {unknown}
 P - a potion of might {unknown}
 X - a potion of haste {unknown}
Comestibles
 e - 8 rations {!d}


   Skills:
 + Level 5.6 Fighting
 + Level 5.6 Short Blades
 + Level 5.6 Long Blades
 + Level 5.6 Axes
 + Level 5.6 Maces & Flails
 + Level 5.6 Polearms
 + Level 5.6 Staves
 + Level 5.6 Slings
 + Level 5.6 Bows
 + Level 5.6 Crossbows
 + Level 5.6 Throwing
 + Level 5.6 Armour
 + Level 7.3 Dodging
 + Level 7.3 Stealth
 + Level 5.6 Shields
 + Level 5.6 Unarmed Combat
 + Level 7.6 Spellcasting
 + Level 5.1 Conjurations
 + Level 4.6 Hexes
 + Level 4.6 Charms
 + Level 4.6 Summonings
 + Level 4.6 Necromancy
 + Level 4.6 Translocations
 + Level 4.6 Transmutations
 + Level 4.6 Fire Magic
 + Level 7.2 Ice Magic
 + Level 4.6 Air Magic
 + Level 4.6 Earth Magic
 + Level 4.6 Poison Magic
 + Level 6.1 Invocations
 + Level 5.6 Evocations


You had 11 spell levels left.
You knew the following spells:

 Your Spells              Type           Power        Failure   Level  Hunger
a - Freeze                Ice            #####.       1%          1    None
b - Magic Dart            Conj           ####         1%          1    None
c - Throw Frost           Conj/Ice       ####..       1%          2    None
d - Searing Ray           Conj           ####....     1%          2    None
e - Iskenderun's Mystic   Conj           ####....     1%          3    None
f - Throw Icicle          Conj/Ice       ####....     3%          4    ###....

Your spell library contained the following spells:

 Spells                   Type           Power        Failure   Level  Hunger
 Ozocubu's Armour         Chrm/Ice       ####....     1%          3    None
 Ice Form                 Ice/Tmut       ####....     4%          4    ###....
 Summon Ice Beast         Ice/Summ       ####....     4%          4    ###....
 Fulminant Prism          Conj/Hex       ####......   6%          4    ###....
 Irradiate                Conj/Tmut      ####......   16%         5    #####..


Dungeon Overview and Level Annotations

Branches:
Dungeon (9/12)             Temple (1/1) D:7            Lair (0/6) D:8
    Orc: D:8-11

Altars:
Ashenzari
Cheibriados
Dithmenos
Elyvilon
Fedhas
Gozag
Hepliaklqana
Kikubaaqudgha
Lugonu
Makhleb
Nemelex Xobeh
Okawaru
Qazlal
Ru
Sif Muna
Trog
Uskayaw
Vehumet
Wu Jian
Xom
Yredelemnul
Zin
The Shining One

Shops:
D:6 ?


Innate Abilities, Weirdness & Mutations

Your experience applies equally to all skills.
You have very sharp teeth.
Your uncanny sense of smell can sniff out nearby items.


Message History

* * * LOW HITPOINT WARNING * * *
The white ugly thing freezes you! You resist.
* * * LOW HITPOINT WARNING * * *
You feel better. The white ugly thing headbutts you.
* * * LOW HITPOINT WARNING * * *
The white ugly thing freezes you! You resist.
* * * LOW HITPOINT WARNING * * *
You hit the white ugly thing but do no damage.
The white ugly thing seems to slow down.
The white ugly thing is lightly wounded.
The white ugly thing closely misses you.
You barely miss the white ugly thing.
The white ugly thing is lightly wounded.
You hit the white ugly thing.
The white ugly thing shakes off its lethargy.
The white ugly thing goes berserk!
The white ugly thing is moderately wounded.
The white ugly thing headbutts you but does no damage.
The white ugly thing headbutts you!
You die...

#.##.#######
#.##.......###
############..[..........
#..........)..[[........#
##.############.......#.#
#.# #.......... #.#
#########......#.# #.#
#.......##...###.# #.#
#@......##...# #.#
#.#####u......###### #..
#...............# ###
#########.....#.#
#.....#.# #.....#.#
#.....#.# #.....#.#
#.......#


You could see a white ugly thing (berserk).

Vanquished Creatures
  A harpy (shapeshifter) (D:6)
  The ghost of zoran the Ember, a novice OpRg of Dithmenos (D:7)
  A troll (D:8)
  Grum (D:8)
  5 hippogriffs
  Sigmund (D:5)
  A hungry ghost (D:6)
  A crocodile (D:8)
  A soldier ant (D:7)
  A black bear (D:8)
  2 orc warriors
  3 porcupines (D:8)
  3 sky beasts
  2 phantoms
  3 ogres (D:7)
  2 wolves (D:8)
  4 bullfrogs
  3 centaurs
  A scorpion (D:8)
  3 killer bees (D:9)
  4 orc priests
  5 crimson imps
  A howler monkey (D:7)
  A bullfrog zombie (D:4)
  6 hounds
  6 quasits
  3 jellies
  Crazy Yiuf (D:2)
  2 iguanas
  5 orc wizards
  5 worker ants
  Ijyb (D:5)
  2 hound zombies
  A hound skeleton (D:4)
  2 worker ant zombies
  A gnoll (D:8)
  3 adders
  3 shadow imps
  An adder zombie (D:6)
  2 adder skeletons
  5 worms
  4 dart slugs
  2 leopard geckos (D:2)
  20 orcs
  6 giant cockroaches
  4 goblins
  8 hobgoblins
  4 jackals
  4 kobolds (D:1)
  4 quokkas
  7 bats
  8 frilled lizards
  A jackal skeleton (D:2)
  A jackal zombie (D:7)
  A quokka skeleton (D:4)
  3 rats
177 creatures vanquished.

Vanquished Creatures (others)
  8 fungi (D:8)
  2 plants (D:8)
10 creatures vanquished.

Grand Total: 187 creatures vanquished

Notes
Turn   | Place    | Note
-------+----------+-------------------------------------------
     0 | D:1      | Yshiel the Gnoll Ice Elementalist began the quest for the
                  | Orb.
     0 | D:1      | Reached XP level 1. HP: 13/13 MP: 6/6
   120 | D:1      | Reached XP level 2. HP: 19/19 MP: 5/7
   349 | D:1      | Reached XP level 3. HP: 25/25 MP: 2/9
   444 | D:1      | Reached skill level 5 in Spellcasting
   961 | D:3      | Reached skill level 1 in Invocations
  1176 | D:2      | Found a glowing silver altar of Zin.
  1180 | D:2      | Noticed a phantom
  1183 | D:2      | Reached skill level 1 in Fighting
  1183 | D:2      | Reached skill level 1 in Short Blades
  1183 | D:2      | Reached skill level 1 in Long Blades
  1183 | D:2      | Reached skill level 1 in Axes
  1183 | D:2      | Reached skill level 1 in Maces & Flails
  1183 | D:2      | Reached skill level 1 in Polearms
  1183 | D:2      | Reached skill level 1 in Staves
  1183 | D:2      | Reached skill level 1 in Slings
  1183 | D:2      | Reached skill level 1 in Bows
  1183 | D:2      | Reached skill level 1 in Crossbows
  1183 | D:2      | Reached skill level 1 in Throwing
  1183 | D:2      | Reached skill level 1 in Armour
  1183 | D:2      | Reached skill level 1 in Shields
  1183 | D:2      | Reached skill level 1 in Unarmed Combat
  1183 | D:2      | Reached skill level 1 in Evocations
  1266 | D:2      | Found a runed door.
  1270 | D:2      | Noticed Crazy Yiuf
  1276 | D:2      | Killed Crazy Yiuf
  1277 | D:2      | Reached XP level 4. HP: 32/32 MP: 6/11
  1360 | D:2      | Killed a phantom
  1361 | D:2      | Reached skill level 1 in Hexes
  1361 | D:2      | Reached skill level 1 in Charms
  1361 | D:2      | Reached skill level 1 in Summonings
  1361 | D:2      | Reached skill level 1 in Necromancy
  1361 | D:2      | Reached skill level 1 in Translocations
  1361 | D:2      | Reached skill level 1 in Transmutations
  1361 | D:2      | Reached skill level 1 in Fire Magic
  1361 | D:2      | Reached skill level 1 in Air Magic
  1361 | D:2      | Reached skill level 1 in Earth Magic
  1361 | D:2      | Reached skill level 1 in Poison Magic
  1361 | D:2      | Reached XP level 5. HP: 32/37 MP: 8/12
  1689 | D:3      | Found a shimmering altar of Xom.
  1808 | D:4      | Reached XP level 6. HP: 44/44 MP: 9/13
  2157 | D:3      | Found a sacrificial altar of Ru.
  2299 | D:4      | Noticed an orc warrior
  2314 | D:4      | Killed an orc warrior
  2315 | D:4      | Reached skill level 5 in Dodging
  2315 | D:4      | Reached skill level 5 in Stealth
  2419 | D:4      | Noticed a hippogriff
  2432 | D:4      | Killed a hippogriff
  2433 | D:4      | Reached XP level 7. HP: 29/51 MP: 5/15
  2880 | D:4      | Found a glowing golden altar of the Shining One.
  2944 | D:5      | Entered Level 5 of the Dungeon
  3288 | D:6      | Reached XP level 8. HP: 57/57 MP: 12/16
  3452 | D:5      | Got a coiled lapis lazuli ring
  3457 | D:5      | Found a hide-covered altar of Uskayaw.
  3457 | D:5      | Noticed Sigmund
  3466 | D:5      | Killed Sigmund
  3638 | D:5      | Learned a level 1 spell: Magic Dart
  3641 | D:5      | Learned a level 2 spell: Throw Frost
  3830 | D:5      | Noticed Ijyb
  3943 | D:5      | Learned a level 2 spell: Searing Ray
  3947 | D:5      | Learned a level 3 spell: Iskenderun's Mystic Blast
  3952 | D:5      | Learned a level 4 spell: Throw Icicle
  4015 | D:5      | Killed Ijyb
  4351 | D:6      | Found a white marble altar of Elyvilon.
  4405 | D:6      | Noticed a hippogriff
  4412 | D:6      | Killed a hippogriff
  4419 | D:6      | Found Nessedo's Magic Scroll Emporium.
  4437 | D:6      | Bought a scroll of blinking for 82 gold pieces
  4482 | D:6      | Bought a scroll of amnesia for 38 gold pieces
  4482 | D:6      | Bought a scroll of enchant armour for 82 gold pieces
  4551 | D:6      | Noticed a hippogriff
  4565 | D:6      | Killed a hippogriff
  4566 | D:6      | Reached XP level 9. HP: 54/65 MP: 9/18
  4889 | D:6      | Noticed a harpy
  4906 | D:6      | Killed a harpy
  5403 | D:7      | Found a transporter.
  5408 | D:7      | Identified the cursed ring of Utox {Str+4 Stlth--} (You
                  | found it on level 5 of the Dungeon)
  5422 | D:7      | Found a staircase to the Ecumenical Temple.
  5476 | Temple   | Entered the Ecumenical Temple
  6009 | D:7      | Reached skill level 5 in Invocations
  6257 | D:7      | Found a transporter.
  6266 | D:7      | Noticed zoran's ghost (novice OpRg)
  6340 | D:7      | Killed zoran's ghost
  6341 | D:7      | Reached XP level 10. HP: 66/73 MP: 14/20
  6891 | D:8      | Found a corrupted altar of Lugonu.
  6891 | D:8      | Found an opulent altar of Gozag.
  6936 | D:8      | Reached skill level 5 in Fighting
  6936 | D:8      | Reached skill level 5 in Short Blades
  6936 | D:8      | Reached skill level 5 in Long Blades
  6936 | D:8      | Reached skill level 5 in Axes
  6936 | D:8      | Reached skill level 5 in Maces & Flails
  6936 | D:8      | Reached skill level 5 in Polearms
  6936 | D:8      | Reached skill level 5 in Staves
  6936 | D:8      | Reached skill level 5 in Slings
  6936 | D:8      | Reached skill level 5 in Bows
  6936 | D:8      | Reached skill level 5 in Crossbows
  6936 | D:8      | Reached skill level 5 in Throwing
  6936 | D:8      | Reached skill level 5 in Armour
  6936 | D:8      | Reached skill level 5 in Shields
  6936 | D:8      | Reached skill level 5 in Unarmed Combat
  6936 | D:8      | Reached skill level 5 in Evocations
  6995 | D:8      | Found a staircase to the Lair.
  7018 | D:8      | Noticed Grum
  7060 | D:8      | Killed Grum
  7260 | D:8      | Reached skill level 5 in Conjurations
  7379 | D:8      | Found a shimmering blue altar of Sif Muna.
  8077 | D:9      | Noticed a white ugly thing
  8131 | D:8      | HP: 3/75 [white ugly thing (9)]
  8134 | D:8      | Slain by a white ugly thing

Skill      XL: |  1  2  3  4  5  6  7  8  9 10 |
---------------+-------------------------------+-----
Conjurations   | 2 3 4 5 |  5.1
Spellcasting   | 5 6 7 |  7.6
Invocations    | 1 2 3 4 5 6 |  6.1
Fighting       | 1 2 3 4 5 |  5.6
Short Blades   | 1 2 3 4 5 |  5.6
Long Blades    | 1 2 3 4 5 |  5.6
Axes           | 1 2 3 4 5 |  5.6
Maces & Flails | 1 2 3 4 5 |  5.6
Polearms       | 1 2 3 4 5 |  5.6
Staves         | 1 2 3 4 5 |  5.6
Slings         | 1 2 3 4 5 |  5.6
Bows           | 1 2 3 4 5 |  5.6
Crossbows      | 1 2 3 4 5 |  5.6
Throwing       | 1 2 3 4 5 |  5.6
Armour         | 1 2 3 4 5 |  5.6
Shields        | 1 2 3 4 5 |  5.6
Unarmed Combat | 1 2 3 4 5 |  5.6
Evocations     | 1 2 3 4 5 |  5.6
Hexes          | 1 2 3 4 |  4.6
Charms         | 1 2 3 4 |  4.6
Summonings     | 1 2 3 4 |  4.6
Necromancy     | 1 2 3 4 |  4.6
Translocations | 1 2 3 4 |  4.6
Transmutations | 1 2 3 4 |  4.6
Fire Magic     | 1 2 3 4 |  4.6
Air Magic      | 1 2 3 4 |  4.6
Earth Magic    | 1 2 3 4 |  4.6
Poison Magic   | 1 2 3 4 |  4.6
Dodging        | 5 6 7 |  7.3
Stealth        | 5 6 7 |  7.3
Ice Magic      | 6 7 |  7.2

Action                   |  1- 3 |  4- 6 |  7- 9 | 10-12 || total
-------------------------+-------+-------+-------+-------++-------
Melee: Unarmed           |    28 |       |       |       ||    28
       Bite              |     3 |     1 |    15 |    18 ||    37
       Quarterstaff      |       |    14 |    60 |   139 ||   213
       Mace              |       |     1 |    76 |       ||    77
       Punch             |       |       |     2 |     1 ||     3
       Staff             |       |       |    17 |       ||    17
       Rapier            |       |       |       |    65 ||    65
 Cast: Freeze            |    74 |    52 |   135 |    26 ||   287
       Iskenderun's Myst |       |       |    22 |    12 ||    34
       Magic Dart        |       |       |       |     2 ||     2
  Use: Scroll            |       |     1 |     9 |       ||    10
       Potion            |       |       |     5 |     5 ||    10
 Stab: Sleeping          |       |       |     5 |     2 ||     7
       Petrifying        |       |       |     1 |       ||     1
       Petrified         |       |       |       |     3 ||     3
       Confused          |       |       |       |     1 ||     1
  Eat: Chunk             |     3 |     5 |    14 |    10 ||    32
       Ration            |       |       |     2 |       ||     2
Armor: Robe              |     8 |       |       |       ||     8
       Troll leather arm |    20 |    10 |   101 |   135 ||   266
Dodge: Dodged            |    66 |    42 |   283 |   355 ||   746
